[Event "*** SCC Grand Prix: Titled Tuesday Blitz"]
[Site "Chess.com"]
[Date "2020.08.11"]
[Round "6"]
[White "Klavdia_Nik"]
[Black "Roza_Idrisova"]
[Result "0-1"]
[WhiteElo "2046"]
[BlackElo "2203"]
[TimeControl "180+1"]
[EndTime "11:07:42 PDT"]
[Termination "Roza_Idrisova won on time"]

1. Nf3 d5 2. c4 c6 3. b3 Nf6 4. Bb2 Bf5 5. g3 e6 6. Bg2 Be7 7. O-O O-O 8. d3 h6 9. Nbd2 a5 10. Re1 Re8 11. e4 Bh7 12. e5 Nfd7 13. d4 Na6 14. Bc3 a4 15. c5 b6 16. b4 bxc5 17.
bxc5 Nc7 18. a3 Nb5 19. Bb4 f6 20. Bf1 fxe5 21. Bxb5 cxb5 22. Nxe5 Nxe5 23. dxe5 Bd3 24.
Qg4 Bf5 25. Qe2 Rc8 26. Rac1 Rb8 27. f3 Qc7 28. Qe3 Rec8 29. f4 Qd8 30. Nf3 Qf8 31.
Rc3 Rc6 32. Rec1 Qf7 33. Nd4 Rcc8 34. Nxf5 Qxf5 35. Kg2 Rc6 36. h3 h5 37. Qd3 Qxd3 38.
Rxd3 Rbc8 39. Rdc3 g6 40. h4 Kf7 41. Kf3 Ke8 42. Ke3 Kd7 43. Kd4 Ra6 44. R1c2 Kc6 45. Rc1 Bd8 46. Rf1 Ba5 47. Rb1 Bxb4 48. Rxb4 Ra7 49. Rc1 Rb7 50. Rcb1 Rf8 51. Rc1 Rc8 52. Rcb1 Rcb8 53. Rc1 Ra7 54. Rcb1 Ra5 55. Rc1 Kb7 56.
Rcb1 Ka6 0-1

[Event "*** SCC Grand Prix: Titled Tuesday Blitz"]
[Site "Chess.com"]
[Date "2020.08.11"]
[Round "6"]
[White "Shivagami"]
[Black "Fischerev7"]
[Result "1-0"]
[WhiteElo "2244"]
[BlackElo "2399"]
[TimeControl "180+1"]
[EndTime "11:07:43 PDT"]
[Termination "Shivagami won on time"]

1. d4 Nf6 2. c4 e6 3. Nc3 Bb4 4.
f3 d5 5. cxd5 exd5 6. e3 O-O 7.
Bd3 Re8 8. Ne2 c5 9. a3 Bxc3+ 10. bxc3 cxd4 11. cxd4 Nc6 12. O-O Be6 13. Bb2 h6 14. e4 dxe4 15. fxe4 Bg4 16. d5 Qb6+ 17. Kh1 Qxb2 18.
dxc6 bxc6 19. Rb1 Qxa3 20. Qc2 Rad8 21. Rb3 Qd6 22. Nf4 Qe5 23. Qxc6 Nxe4 24. Rb2 g5 25. Rb5 Qd6 26. Bxe4 Rxe4 27. Qxe4 gxf4 28. h3 Be6 29. Qxf4 Qxf4 30. Rxf4 Rd2 31. Kh2 Kf8 32. Ra5 h5 33. Rf3 Bd5 34. Rg3 h4 35. Rg4 f5 36. Rg5 Be4 37.
Rxa7 Rc2 38. Rh7 Rf2 39. Rxh4 Kf7 40. Rh7+ Kf6 41. h4 Ke5 42. Kh3 Kf4 43. g3+ Kf3 44. Rf7 Ke3 45. h5 1-0

[Event "*** SCC Grand Prix: Titled Tuesday Blitz"]
[Site "Chess.com"]
[Date "2020.08.11"]
[Round "6"]
[White "Alexsur1981"]
[Black "swimmerchess"]
[Result "1/2-1/2"]
[WhiteElo "2606"]
[BlackElo "2839"]
[TimeControl "180+1"]
[EndTime "11:07:44 PDT"]
[Termination "Game drawn by repetition"]

1. e4 c5 2. Nc3 a6 3. Nf3 d6 4. d4 cxd4 5. Nxd4 Nf6 6. Rg1 b5 7.
g4 Bb7 8. Bg2 e6 9. a3 Qc7 10.
h4 Nc6 11. g5 Nd7 12. h5 Nc5 13. Nxc6 Bxc6 14. Be3 Rb8 15. Qd2 a5 16. b4 Nd7 17. f4 Nb6 18. Bxb6 Qxb6 19. Rf1 g6 20. f5 gxf5 21. exf5 Bxg2 22. Qxg2 axb4 23. axb4 Qe3+ 24. Ne2 d5 25. Rf3 Bxb4+ 26. Kf1 Qe5 27. Rb1 Bc5 28. Re1 O-O 29. c3 Qe4 30. Nd4 Qh4 31. g6 fxg6 32.
hxg6 Rf6 33. Nxe6 Qc4+ 34. Re2 hxg6 35. Qg5 Be7 36. Qh6 Bf8 37. Qg5 Be7 38. Nf4 Ra8 39.
Nxg6 Ra1+ 40. Kf2 Bc5+ 41. Kg3 Rg1+ 42. Rg2 Rxg2+ 43. Kxg2 Qe2+ 44. Kg3 Bd6+ 45. Nf4+ Kf7 46. Kg4 Bxf4 47. Qxf4 Qg2+ 48. Rg3 Qe2+ 49. Rf3 Qg2+ 50.
Rg3 Qe2+ 51. Rf3 1/2-1/2

[Event "*** SCC Grand Prix: Titled Tuesday Blitz"]
[Site "Chess.com"]
[Date "2020.08.11"]
[Round "6"]
[White "Alomaterapia"]
[Black "TokChess"]
[Result "0-1"]
[WhiteElo "2503"]
[BlackElo "2404"]
[TimeControl "180+1"]
[EndTime "11:07:44 PDT"]
[Termination "TokChess won by resignation"]

1. e4 c5 2. Nf3 d6 3. Bb5+ Bd7 4. Bxd7+ Qxd7 5. O-O Nf6 6. Re1 e5 7. c3 Be7 8. d4 Nc6 9. dxc5 dxc5 10. Qxd7+ Nxd7 11.
Na3 Nb6 12. Bg5 f6 13. Be3 O-O-O 14. Kf1 a6 15. Ke2 Kc7 16. Red1 Na4 17. Rxd8 Rxd8 18. Rb1 b5 19. Nc2 c4 20. Nfe1 Nc5 21. Bxc5 Bxc5 22. b3 cxb3 23. axb3 Bb6 24. Nd3 Rd6 25. Ncb4 Nxb4 26.
Nxb4 Kb7 27. Nd5 Bd8 28. c4 Rc6 29. Kd3 Rc5 30. h4 a5 31. Nc3 b4 32. Nd5 Bb6 33. Rh1 Rc8 34. f3 Bd4 35. Rc1 Ra8 36. Rb1 Kc6 37. h5 h6 38. Ne7+ Kc5 39. Nf5 Ra7 40.
Nxd4 exd4 41. Ra1 Ra6 42. f4 Ra7 43. e5 fxe5 44. fxe5 Ra6 45. Ke4 a4 46. bxa4 b3 47.
a5 Kxc4 48. Ra4+ Kc3 49. Rxd4 b2 50. Rd3+ Kc2 51. Rd6 Rxd6 52. exd6 b1=Q 53. d7 Qb8 54. Kf5 Qd8 55. Ke6 Qxa5 56. Ke7 Qe5+ 57. Kf7 Qxh5+ 58.
Kxg7 Qg5+ 0-1

[Event "*** SCC Grand Prix: Titled Tuesday Blitz"]
[Site "Chess.com"]
[Date "2020.08.11"]
[Round "6"]
[White "Durarbayli"]
[Black "Shubinkirill2003"]
[Result "0-1"]
[WhiteElo "2842"]
[BlackElo "2675"]
[TimeControl "180+1"]
[EndTime "11:07:45 PDT"]
[Termination "Shubinkirill2003 won on time"]

1. e4 e6 2. d4 d5 3. e5 c5 4. c3 Qa5 5. dxc5 Qc7 6. f4 Bxc5 7. Nf3 Nc6 8. b4 Bb6 9. a4 a6 10. Bd3 Nge7 11. Nbd2 Nf5 12. Nb3 O-O 13. g4 Nfe7 14. Ra2 f6 15. exf6 Rxf6 16. Re2 e5 17. Nxe5 Nxe5 18.
Rxe5 Qxc3+ 19. Qd2 Qxb3 20. Rxe7 Bxg4 21. Bb2 Re6+ 22. Rxe6 Bxe6 23. Qc3 Qxc3+ 24. Bxc3 Rc8 25. Kd2 Be3+ 26. Kxe3 Rxc3 27. Kd4 Rb3 28. Rb1 Rxb1 29. Bxb1 Kf7 30. Bxh7 g6 31. Ke5 Bf5 32. Kxd5 Kg7 33. Bxg6 Kxg6 34. Ke5 Bh3 35. b5 axb5 36. axb5 Bg4 37.
b6 Bh3 38. Ke4 Kf6 39. Kd4 Kf5 40. Ke3 Bg2 41. Kf2 Bc6 42. Kg3 Bd5 43. h4 Bc6 44.
h5 Be4 0-1

[Event "*** SCC Grand Prix: Titled Tuesday Blitz"]
[Site "Chess.com"]
[Date "2020.08.11"]
[Round "6"]
[White "Mikasinski"]
[Black "Isajevsky_Anton"]
[Result "0-1"]
[WhiteElo "2450"]
[BlackElo "2602"]
[TimeControl "180+1"]
[EndTime "11:07:45 PDT"]
[Termination "Isajevsky_Anton won by resignation"]

1. e4 c5 2. Nf3 d6 3. d4 cxd4 4.
Nxd4 Nf6 5. Nc3 a6 6. Be2 e5 7. Nf3 Qc7 8. Bg5 Nbd7 9. O-O b5 10. a4 b4 11. Nd5 Nxd5 12. Qxd5 Bb7 13. Qd2 Bxe4 14. Qxb4 d5 15. Qb3 Rb8 16. Qe3 f6 17. Bh4 Nc5 18. b3 Bd6 19. Rac1 O-O 20. Nd2 Bg6 21. Bg3 f5 22. f4 d4 23. Qf2 Ne4 24.
Nxe4 fxe4 25. Bc4+ Kh8 26. Qd2 e3 27. Qd1 exf4 28.
Be1 Qb6 29. Kh1 Be5 30. Qe2 a5 31. Bd5 Rfd8 32. Bc4 Be4 33. Bd3 Ba8 34. Qh5 h6 35. Qxe5 Qc6 36. Rg1 f3 37. Qg3 Rf8 38. gxf3 Rxf3 39. Qg2 Qf6 40. Be2 Rf4 41. Bg3 Bxg2+ 42. Kxg2 Rf2+ 43. Bxf2 Qxf2+ 44. Kh1 Qxe2 45. Rg2 Qf3 46. Rg1 Rf8 47. h3 Qxh3+ 48. Rh2 Qf3+ 49. Rgg2 0-1

[Event "*** SCC Grand Prix: Titled Tuesday Blitz"]
[Site "Chess.com"]
[Date "2020.08.11"]
[Round "6"]
[White "MoreChessJulia"]
[Black "DonPreuss"]
[Result "0-1"]
[WhiteElo "1863"]
[BlackElo "2201"]
[TimeControl "180+1"]
[EndTime "11:07:45 PDT"]
[Termination "DonPreuss won by checkmate"]

1. d4 Nc6 2. d5 Ne5 3. e4 Ng6 4.
Be3 e5 5. f3 Bb4+ 6. c3 Ba5 7.
Nd2 Bb6 8. Nc4 d6 9. Nxb6 axb6 10. a4 N8e7 11. Ne2 O-O 12. h4 f5 13. h5 Nh8 14.
Qc2 f4 15. Bf2 g5 16. hxg6 Nhxg6 17. Nc1 Bd7 18. b3 Kg7 19. Be2 Ng8 20. b4 Qg5 21. Rh2 Nf6 22. Nd3 Nh5 23. c4 Ng3 24.
c5 bxc5 25. bxc5 Rfc8 26. c6 bxc6 27. dxc6 Be6 28. Nb4 Nh4 29. Nd5 Ra5 30. O-O-O Nxe2+ 31. Qxe2 Ng6 32. Rdh1 Bxd5 33. Rxh7+ Kg8 34. exd5 Rxa4 35. Qb2 Rca8 36. Rxc7 Qf5 37. Rb7 Ra1+ 38. Kd2 Rxh1 39. Rb8+ Rxb8 40. Qxb8+ Kg7 41. c7 e4 42. Bd4+ Ne5 43.
c8=Q e3+ 44. Ke2 Qd3# 0-1

[Event "*** SCC Grand Prix: Titled Tuesday Blitz"]
[Site "Chess.com"]
[Date "2020.08.11"]
[Round "6"]
[White "Oleksandr_Bortnyk"]
[Black "MarcoRiehle"]
[Result "1-0"]
[WhiteElo "2981"]
[BlackElo "2741"]
[TimeControl "180+1"]
[EndTime "11:07:46 PDT"]
[Termination "Oleksandr_Bortnyk won by resignation"]

1. e4 e5 2. Nf3 Nf6 3. Nxe5 Nxe4 4. Nf3 d5 5. Bd3 Bd6 6. O-O O-O 7. Nc3 Re8 8. Nxd5 Bxh2+ 9. Nxh2 Qxd5 10. Re1 Bf5 11. Nf1 Nc6 12. Ne3 Qc5 13. a3 Bg6 14. b4 Qe5 15.
Rb1 Qf4 16. Bxe4 Rxe4 17. d3 Re6 18. Nd5 Rxe1+ 19. Qxe1 Qd6 20. c4 Bxd3 21. Bf4 Qf8 22. Rc1 Nd4 23. Nc3 Rd8 24. c5 c6 25. Bd6 Qe8 26.
Qxe8+ Rxe8 27. Rd1 Ne2+ 28. Nxe2 Bxe2 29. Re1 Re6 30.
f3 Bc4 31. Rd1 Bd5 32. a4 Re2 33. b5 h5 34. Rd4 g5 35. Bb8 a6 36. b6 Kg7 37. Rxd5 cxd5 38. c6 Re1+ 39. Kf2 Rb1 40. cxb7 Rxb6 41. Be5+ Kg6 42. b8=Q Rxb8 43. Bxb8 Kf5 44.
Ke3 Ke6 45. Kd4 f5 46. a5 f4 47. Kc5 Kf5 48. Kxd5 g4 49. Kd4 h4 50. fxg4+ Kxg4 51. Ke4 Kg3 52. Bxf4+ Kxg2 53. Kd5 Kf3 54. Bh2 Kg4 55.
Kc6 Kf5 56. Kb7 Ke6 57. Kxa6 Kd7 58. Kb7 1-0

[Event "*** SCC Grand Prix: Titled Tuesday Blitz"]
[Site "Chess.com"]
[Date "2020.08.11"]
[Round "6"]
[White "Matveev_Vladimir"]
[Black "Lenyas66"]
[Result "1/2-1/2"]
[WhiteElo "2644"]
[BlackElo "2485"]
[TimeControl "180+1"]
[EndTime "11:07:46 PDT"]
[Termination "Game drawn by repetition"]

1. d4 e6 2. c4 Bb4+ 3. Bd2 a5 4. g3 Nf6 5. Bg2 d5 6. Nf3 O-O 7. Qc2 c5 8. O-O cxd4 9. Nxd4 Nc6 10. Nb5 dxc4 11. Bxb4 Nxb4 12. Qxc4 Bd7 13. N1c3 Qb6 14. Qd4 Qxd4 15. Nxd4 Rab8 16. a3 e5 17. Nf3 Nc6 18.
Rfd1 Rfd8 19. Nb5 Kf8 20. h3 Ke7 21. Rac1 h6 22. Rc5 e4 23. Nfd4 Nxd4 24. Nxd4 Rbc8 25. Rxa5 b6 26. Ra7 Ra8 27. Nc6+ Ke8 28. Rxa8 Rxa8 29.
Ne5 Be6 30. Nc6 Rc8 31. Nd4 Bd7 32. e3 Ba4 33. b3 Bd7 34. g4 Rc3 35. Kh2 g5 36.
Kg3 h5 37. gxh5 Nxh5+ 38. Kh2 f5 39. Rd2 Nf6 40. Bf1 f4 41. Rc2 Rxc2 42. Nxc2 Ke7 43. Bc4 Kd6 44. Nd4 Ke5 45. b4 Nd5 46. Bxd5 Kxd5 47.
Kg2 Ke5 48. Kh2 Kd5 49. Kg2 Ke5 50. Nc2 Kd5 51. Nd4 1/2-1/2

[Event "*** SCC Grand Prix: Titled Tuesday Blitz"]
[Site "Chess.com"]
[Date "2020.08.11"]
[Round "6"]
[White "PIwan"]
[Black "Grandelicious"]
[Result "1-0"]
[WhiteElo "2507"]
[BlackElo "2754"]
[TimeControl "180+1"]
[EndTime "11:07:47 PDT"]
[Termination "PIwan won by checkmate"]

1. c4 e6 2. Nc3 d5 3. d4 a6 4. cxd5 exd5 5. Nf3 h6 6. Bf4 Nf6 7. e3 Bd6 8. Bxd6 Qxd6 9. Bd3 O-O 10. h3 c6 11. O-O Be6 12. Ne5 Nfd7 13. f4 f6 14.
Ng6 Re8 15. Qf3 Nf8 16. Qg3 Nbd7 17. Nh4 Nb6 18. Rae1 Rad8 19. Kh1 Qc7 20. Ng6 Nbd7 21. Rf3 Nxg6 22. Bxg6 Re7 23. Qh4 Nf8 24. Bc2 Rde8 25.
Ne2 c5 26. Bb1 cxd4 27. Nxd4 Bc8 28. Bf5 Kh8 29. Qg4 Bxf5 30. Nxf5 Qd7 31. Nxe7 Qxe7 32. Rf2 Nd7 33. Rd2 Nb6 34. Qf3 Qb4 35. Rde2 Re4 36. Rd1 Qe7 37. Rd4 Nc4 38. Rxe4 dxe4 39. Qf1 Qd6 40. Qc1 Qd3 41. Re1 Kh7 42. b3 Nb6 43. Rd1 Qe2 44. Qd2 Qh5 45. Qd4 Kh8 46. Rc1 Nd5 47. Rc8+ Kh7 48. Qxe4+ f5 49. Qxd5 Qe2 50.
Qxf5+ g6 51. Qf7# 1-0

[Event "*** SCC Grand Prix: Titled Tuesday Blitz"]
[Site "Chess.com"]
[Date "2020.08.11"]
[Round "6"]
[White "ahachess"]
[Black "Azatic"]
[Result "0-1"]
[WhiteElo "2293"]
[BlackElo "2534"]
[TimeControl "180+1"]
[EndTime "11:07:49 PDT"]
[Termination "Azatic won by checkmate"]

1. d4 Nf6 2. c4 g6 3. Nc3 Bg7 4. e4 O-O 5. Be2 d6 6. Bg5 Na6 7. h4 c5 8. d5 e6 9. h5 exd5 10. cxd5 Re8 11. hxg6 hxg6 12. f3 Qa5 13. Qd2 Bd7 14. Bh6 Bh8 15. Bf4 Qc7 16. Bxa6 bxa6 17. Nge2 Nh5 18. Be3 Rab8 19. g4 Nf6 20. Bg5 Bg7 21. Bh6 Bh8 22. Ng3 Qb6 23. Bg5 Bg7 24. O-O-O c4 25. Rh2 Nh7 26. Bh6 Be5 27. f4 Bf6 28.
Rdh1 Nf8 29. Bxf8 Kxf8 30. e5 dxe5 31. Nge4 Bg7 32. fxe5 Rxe5 33. Rh8+ Bxh8 34. Rxh8+ Ke7 35. d6+ Ke6 36. Ng5+ Rxg5 37. Qxg5 Rxh8 38. Qd5+ Kf6 39. g5+ Kg7 40. Qe5+ Kg8 41. Nd5 Rh1+ 42. Kc2 Qf2+ 43. Kc3 Qe1+ 44. Kxc4 Qxe5 45. Nf6+ Kg7 46. Nxd7 Rh4+ 47.
Kd3 Qg3+ 48. Ke2 Rh2+ 49. Kf1 Qf2# 0-1

[Event "*** SCC Grand Prix: Titled Tuesday Blitz"]
[Site "Chess.com"]
[Date "2020.08.11"]
[Round "6"]
[White "Shield12"]
[Black "amintabatabaei"]
[Result "0-1"]
[WhiteElo "2854"]
[BlackElo "3035"]
[TimeControl "180+1"]
[EndTime "11:07:50 PDT"]
[Termination "amintabatabaei won by resignation"]

1. e4 c5 2. Nf3 d6 3. Bb5+ Nd7 4. Ba4 Nf6 5. O-O e6 6. Re1 Be7 7. c4 O-O 8. Nc3 Ne5 9. d3 Nfd7 10. Bxd7 Bxd7 11.
Be3 a6 12. a3 Nxf3+ 13. Qxf3 b5 14. Qe2 Bf6 15. Qd2 Bd4 16. cxb5 axb5 17. Bxd4 cxd4 18.
Na2 Qb6 19. Nb4 Rfc8 20. Rac1 Rc5 21. Rc2 Rac8 22. Rec1 Qb7 23. Qf4 e5 24. Qd2 Be6 25. Re1 Bb3 26. Rcc1 R8c7 27. Ra1 Qc8 28. f4 Qg4 29. h3 Qxf4 30. Qxf4 exf4 31. Na6 R7c6 32. Nxc5 dxc5 33. e5 g5 34. Rac1 Kg7 35. Re4 Bd5 36.
Re2 Kg6 37. Rec2 c4 38. dxc4 bxc4 39. Rd2 d3 40. b3 Kf5 41. bxc4 Rxc4 42. Rxc4 Bxc4 43.
Kf2 Kxe5 44. a4 Kd4 45. a5 f5 46. Ke1 g4 47. Rb2 Ke3 48. Rf2 h5 49. Rd2 h4 50. Rf2 f3 51. hxg4 fxg4 52. gxf3 g3 53. Rb2 h3 54. Rb7 d2+ 55. Kd1 Be2+ 56. Kc2 d1=Q+ 57.
Kc3 Qd3+ 0-1

[Event "*** SCC Grand Prix: Titled Tuesday Blitz"]
[Site "Chess.com"]
[Date "2020.08.11"]
[Round "6"]
[White "rasmussvane"]
[Black "Fighter008"]
[Result "1-0"]
[WhiteElo "2882"]
[BlackElo "2679"]
[TimeControl "180+1"]
[EndTime "11:07:51 PDT"]
[Termination "rasmussvane won by resignation"]

1. Nf3 Nf6 2. g3 g6 3. Bg2 Bg7 4. O-O O-O 5. d4 d6 6. Re1 Nbd7 7. e4 e5 8. Nc3 c6 9. a4 Re8 10. h3 Qc7 11. Be3 b6 12. Qd2 a6 13. g4 exd4 14. Nxd4 c5 15. Nde2 Bb7 16. Ng3 Ne5 17. b3 Rad8 18.
Rad1 Nc6 19. Bg5 Nd4 20. Qf4 Ne6 21. Qc1 Nxg5 22. Qxg5 Nxg4 23. hxg4 Bxc3 24. Re3 Bg7 25. Red3 b5 26. axb5 axb5 27. Qf4 Be5 28. Qh6 c4 29. bxc4 bxc4 30. Re3 Bg7 31. Qh4 Qc5 32. Nf5 gxf5 33.
gxf5 Qe5 34. Rg3 Kh8 35. Rh3 h6 36. Qg5 Qf6 37. Qf4 Kg8 38. Rg3 Kf8 39. Bf3 Re5 40.
Rb1 Ba8 41. Rb6 Ke7 42. Bg2 h5 43. Qe3 h4 44. Rg4 Rd7 45. f4 Rc5 46. e5 dxe5 47.
Qxc5+ Rd6 48. Qxd6+ Qxd6 49. Rxd6 Bxg2 50. Rxg2 1-0

[Event "*** SCC Grand Prix: Titled Tuesday Blitz"]
[Site "Chess.com"]
[Date "2020.08.11"]
[Round "6"]
[White "AlexSuv"]
[Black "Xeslu"]
[Result "1-0"]
[WhiteElo "2491"]
[BlackElo "2300"]
[TimeControl "180+1"]
[EndTime "11:07:51 PDT"]
[Termination "AlexSuv won on time"]

1. d4 d5 2. c4 c6 3. Nc3 Nf6 4. e3 e6 5. Nf3 Nbd7 6. Qc2 Bd6 7. Bd3 O-O 8. O-O Qe7 9. c5 Bc7 10. e4 dxe4 11. Nxe4 Nxe4 12. Bxe4 f5 13. Bd3 Nf6 14. Re1 Nd5 15. Bd2 h6 16. Ne5 Qf6 17. b4 Rd8 18. a4 Bd7 19. b5 Be8 20. Rab1 Bxe5 21. Rxe5 Ne7 22. Bc4 Bf7 23. Rbe1 Nd5 24. Qd3 Rd7 25. a5 Rdd8 26. a6 bxa6 27. bxc6 Rac8 28. Ba5 Rf8 29. Bxa6 Rxc6 30. Bb7 Rcc8 31. Bxc8 Rxc8 32. Qa6 Rf8 33. Qxa7 Qg5 34. Rxd5 exd5 35. Bc7 f4 36. f3 Bg6 37. Be5 Rf7 38. Qa8+ Kh7 39. Qxd5 Rf5 40.
c6 Bf7 41. Qe4 Bg6 42. c7 Rf8 43. Qb7 Bf5 44. Bd6 Bc8 45. Qe4+ Bf5 46. Qe7 Qxe7 47. Rxe7 Rc8 48. Be5 h5 49. Rxg7+ Kh6 50. Rf7 Bg6 51. Rxf4 h4 52. Rxh4+ Kg5 53. Rg4+ Kf5 54. h4 Bh5 55. Rg5+ 1-0

[Event "*** SCC Grand Prix: Titled Tuesday Blitz"]
[Site "Chess.com"]
[Date "2020.08.11"]
[Round "6"]
[White "HrvojeZagreb"]
[Black "KyrgyzFighter"]
[Result "1-0"]
[WhiteElo "2130"]
[BlackElo "2322"]
[TimeControl "180+1"]
[EndTime "11:07:52 PDT"]
[Termination "HrvojeZagreb won by checkmate"]

1. d4 d6 2. e4 Nf6 3. Nc3 e5 4.
Nf3 Nbd7 5. Bc4 Be7 6. a4 O-O 7. h3 c6 8. Be3 a5 9. O-O Qc7 10. Qe2 Re8 11. Rfd1 Nf8 12. dxe5 dxe5 13. Ng5 Ne6 14.
Nxe6 Bxe6 15. Bxe6 fxe6 16. Qc4 Bb4 17. Rd3 Qf7 18.
Rad1 Qg6 19. f3 h6 20. Ne2 Kh7 21. c3 Bf8 22. g4 Qf7 23. Ng3 Be7 24. Bb6 Rf8 25.
Bc7 Bc5+ 26. Qxc5 Qxc7 27. Kg2 Rad8 28. h4 Rxd3 29. Rxd3 Rd8 30. Rxd8 Qxd8 31. Qxe5 Qd2+ 32. Kh3 Qf2 33. Qxe6 Qxf3 34. Qf5+ Qxf5 35. gxf5 Kg8 36. e5 Nd5 37. Kg4 Ne3+ 38. Kf4 Nd1 39. Ne4 Nxb2 40.
Nd6 b6 41. e6 Kf8 42. Nc8 Nxa4 43. Ke5 Nc5 44. Kd6 Ne4+ 45. Kd7 Nf6+ 46. Kd8 Ne8 47. Nxb6 c5 48. Nd7+ Kg8 49. Kxe8 a4 50. Nxc5 a3 51. Nb3 a2 52. Na1 g6 53. Kd7 gxf5 54.
e7 f4 55. e8=Q+ Kg7 56. Qh5 Kf6 57. Kd6 f3 58. Qxf3+ Kg6 59. Ke6 Kh7 60. Qf7+ Kh8 61. Kf6 h5 62. Qg7# 1-0

[Event "*** SCC Grand Prix: Titled Tuesday Blitz"]
[Site "Chess.com"]
[Date "2020.08.11"]
[Round "6"]
[White "TargetA"]
[Black "Adham_Fawzy"]
[Result "0-1"]
[WhiteElo "2589"]
[BlackElo "2734"]
[TimeControl "180+1"]
[EndTime "11:07:53 PDT"]
[Termination "Adham_Fawzy won on time"]

1. d4 c5 2. dxc5 Nf6 3. Nc3 e6 4. e4 Bxc5 5. e5 Qb6 6. Na4 Bxf2+ 7. Ke2 Qb5+ 8. Kxf2 Ne4+ 9. Ke3 Qxa4 10. Nf3 Nc6 11.
b3 Qb4 12. Bb2 Nc3 13. Qd3 Nd5+ 14. Kf2 Qc5+ 15. Kg3 Ncb4 16. Qc4 Qxc4 17. Bxc4 Ne3 18. c3 Nxc4 19. bxc4 Nd3 20. Ba3 b6 21. Rhd1 Nc5 22.
Bxc5 bxc5 23. Nd2 Bb7 24. Nb3 Rc8 25. Rab1 Ke7 26. Nxc5 Rxc5 27. Rxb7 Rd8 28. Rxa7 Rxc4 29. Rd3 Re4 30. Ra5 h5 31. Kf3 Rc4 32. Ra7 g5 33. a4 Rc5 34. Ke4 Rc4+ 35. Ke3 h4 36.
a5 g4 37. a6 Ra4 38. Rd4 Ra5 39. Rxg4 Rxe5+ 40. Kd3 Rd5+ 41. Kc4 Ra5 42. Kb3 h3 43. gxh3 Rh5 44. Rb4 Rxh3 45. Rab7 Rh5 0-1

[Event "*** SCC Grand Prix: Titled Tuesday Blitz"]
[Site "Chess.com"]
[Date "2020.08.11"]
[Round "6"]
[White "albano87"]
[Black "bascheyaro"]
[Result "1-0"]
[WhiteElo "2550"]
[BlackElo "2697"]
[TimeControl "180+1"]
[EndTime "11:07:54 PDT"]
[Termination "albano87 won by resignation"]

1. e4 e6 2. d4 d5 3. Nc3 Bb4 4. Ne2 b6 5. a3 Be7 6. Qd3 Ba6 7. Qg3 Nf6 8. exd5 exd5 9. Qxg7 Rg8 10. Qh6 Rg6 11. Qf4 Nc6 12. Be3 Bd6 13. Qf3 Bb7 14.
O-O-O Ne7 15. h4 Qd7 16. h5 Nxh5 17. Rxh5 O-O-O 18. Rxh7 f5 19. g3 Rdg8 20. Bh3 R6g7 21. Rxg7 Rxg7 22. Bf4 Kb8 23. Bxd6 Qxd6 24. Qf4 Qc6 25.
Qe5 Qh6+ 26. Kb1 Bc8 27. Nf4 Rh7 28. Ncxd5 Nc6 29. Qe2 Qd6 30. Ne3 a5 31. Bg2 Nd8 32. Qb5 Re7 33. Qd5 Qxd5 34. Nfxd5 Rh7 35. Rh1 Rxh1+ 36. Bxh1 Ne6 37. Nxf5 Bb7 38. Bg2 Ng5 39. Nde3 Bc8 40. f4 Ne6 41. Bd5 Nf8 42. g4 Ng6 43.
Be4 Nxf4 44. Ne7 Bd7 45. Bf5 Be8 46. g5 Ne2 47. c3 Ng3 48. g6 Nxf5 49. N3xf5 Bxg6 50. Nxg6 a4 51. Nf4 c5 52. Kc2 Kb7 53. Kd3 Ka6 54.
d5 Kb5 55. d6 c4+ 56. Kd4 Kc6 57. Ne6 Kd7 58. Kxc4 Kxe6 59. Kb5 Kxf5 60. Kxb6 Ke6 61.
Kc7 Kd5 62. d7 Kc4 63. d8=Q Kb3 64. Qd1+ Kxb2 65. Qxa4 Kxc3 66. Qb4+ Kd3 67. a4 1-0

[Event "*** SCC Grand Prix: Titled Tuesday Blitz"]
[Site "Chess.com"]
[Date "2020.08.11"]
[Round "6"]
[White "Ranindu2003"]
[Black "Artem_Sadovsky"]
[Result "1-0"]
[WhiteElo "2605"]
[BlackElo "2418"]
[TimeControl "180+1"]
[EndTime "11:07:54 PDT"]
[Termination "Ranindu2003 won by checkmate"]

1. e4 c6 2. d4 d5 3. e5 c5 4. dxc5 Nc6 5. f4 Bf5 6. c3 e6 7. Be3 Nge7 8. Nf3 h6 9. Bd3 Bxd3 10. Qxd3 Nf5 11. Bf2 h5 12. g3 a5 13. Nbd2 a4 14.
O-O Qa5 15. b4 axb3 16. Nxb3 Qa6 17. Qd2 Be7 18. Nfd4 g6 19. a4 Na5 20. Nxa5 Qxa5 21. Nb5 O-O 22. h3 Rfc8 23. g4 hxg4 24. hxg4 Nh6 25.
Qe2 Bxc5 26. Bxc5 Rxc5 27. Kg2 Rc4 28. Rh1 Kg7 29. Rxh6 Kxh6 30. f5 gxf5 31. Rh1+ Kg7 32.
gxf5 exf5 33. Nd6 Rg4+ 34. Kf2 Qc5+ 35. Kf1 Rf4+ 36. Kg2 Qxc3 37. Rh3 Qd4 38. Rg3+ Kf8 39. Qh5 Qd2+ 40. Kh3 Rh4+ 41. Qxh4 Qd1 42. Qh6+ Ke7 43.
Qf6+ Kd7 44. Qxf7+ Kc6 45. Qxb7+ Kc5 46. Qb5+ Kd4 47.
Qb2+ Kc5 48. Rc3+ Kd4 49. Rc1+ Ke3 50. Rxd1 Rh8+ 51. Kg2 Rh2+ 52. Kf1 d4 53. Qxh2 f4 54. Qe2# 1-0

[Event "*** SCC Grand Prix: Titled Tuesday Blitz"]
[Site "Chess.com"]
[Date "2020.08.11"]
[Round "6"]
[White "VladaSviridova"]
[Black "MuhittinBuker"]
[Result "0-1"]
[WhiteElo "2227"]
[BlackElo "2002"]
[TimeControl "180+1"]
[EndTime "11:07:54 PDT"]
[Termination "MuhittinBuker won on time"]

1. d4 Nf6 2. c4 e6 3. Nf3 b6 4. g3 Ba6 5. b3 Bb4+ 6. Bd2 Be7 7. Bg2 c6 8. O-O O-O 9. Bc3 d5 10. Nbd2 Nbd7 11. Re1 c5 12. dxc5 Nxc5 13. Nd4 Bb7 14. Rc1 Rc8 15. Bb2 Nce4 16. Nxe4 dxe4 17. e3 Qc7 18. Qe2 Rfd8 19. Red1 a6 20. h4 Nd7 21. Qg4 Ne5 22. Qe2 Bf6 23. Rc2 Rd7 24. Rcd2 Rcd8 25. Ba1 g6 26. Kh1 h5 27. Bh3 Nf3 28. Nxf3 exf3 29.
Qe1 Bxa1 30. Rxd7 Rxd7 31. Rxa1 Qd6 32. Bf1 e5 33. Rc1 e4 34. Qc3 Qd2 35. Qc2 a5 36.
Kg1 Rd8 37. Qxd2 Rxd2 38. Ra1 Bc8 39. a3 Rb2 40. b4 axb4 41. axb4 Be6 42. c5 Rxb4 43.
c6 Rb2 44. c7 Rc2 45. Rb1 Rxc7 46. Rxb6 Rc1 47. Rb8+ Kg7 48. g4 Bxg4 49. Rb4 Bh3 50. Rxe4 Bxf1 51. Kh2 Be2 0-1

[Event "*** SCC Grand Prix: Titled Tuesday Blitz"]
[Site "Chess.com"]
[Date "2020.08.11"]
[Round "6"]
[White "Dvacetsekund"]
[Black "Ural_bogatyr"]
[Result "1-0"]
[WhiteElo "2151"]
[BlackElo "2351"]
[TimeControl "180+1"]
[EndTime "11:07:55 PDT"]
[Termination "Dvacetsekund won on time"]

1. e4 e5 2. Nf3 Nc6 3. Bc4 Nf6 4.
d3 h6 5. c3 d6 6. O-O g5 7.
Nbd2 Bg7 8. d4 Bg4 9. Bb5 O-O 10. Bxc6 bxc6 11. dxe5 dxe5 12. Qc2 Qe7 13. h3 Bh5 14. b3 g4 15. hxg4 Nxg4 16. a4 Rfd8 17. Nc4 Bg6 18.
Ba3 Qe6 19. Rad1 Nf6 20. Rfe1 Rxd1 21. Qxd1 Nxe4 22. Bb2 Qe7 23. Qe2 Re8 24. Ncd2 Nxd2 25. Nxd2 e4 26. Nc4 Qg5 27. Ne3 h5 28. c4 h4 29. Bxg7 Kxg7 30. Qb2+ Qf6 31. Qxf6+ Kxf6 32. Rd1 Re7 33. Rd4 Ke5 34. Rd8 f5 35. g3 hxg3 36.
fxg3 f4 37. gxf4+ Kxf4 38. Kf2 Rf7 39. Ke2 Bh5+ 40. Kd2 Ke5 41. Re8+ Kd4 42. Rd8+ Kc5 43. Re8 Rf2+ 44. Kc3 Bg6 45. Re5+ Kb6 46. a5+ Kb7 47.
Kb4 Rf3 48. Ng4 Bh5 49. a6+ Kb6 50. c5+ 1-0

[Event "*** SCC Grand Prix: Titled Tuesday Blitz"]
[Site "Chess.com"]
[Date "2020.08.11"]
[Round "6"]
[White "canary2016"]
[Black "ethylalcohol"]
[Result "1-0"]
[WhiteElo "1879"]
[BlackElo "2185"]
[TimeControl "180+1"]
[EndTime "11:07:55 PDT"]
[Termination "canary2016 won by checkmate"]

1. d4 Nf6 2. c4 g6 3. Nf3 Bg7 4. g3 O-O 5. Bg2 d6 6. O-O Nbd7 7. Nc3 c6 8. e4 e5 9. h3 exd4 10. Nxd4 Ne5 11. b3 Ned7 12. Bb2 Re8 13. Re1 a5 14. Rc1 Nc5 15. Qc2 Qb6 16. Rcd1 a4 17. bxa4 Qb4 18. a3 Qb6 19. Rb1 Qc7 20. Rbd1 Ne6 21.
Nxe6 Bxe6 22. Qd3 Rad8 23. Ne2 Bc8 24. Bc3 Qa5 25. Bxa5 Rd7 26. Bc3 Rde7 27. Bxf6 Bxf6 28. Nc3 Be6 29. Rc1 Rd7 30. f4 c5 31. Nd5 Bd4+ 32. Kh1 Kg7 33. Nb6 Rc7 34. Nd5 Rcc8 35. Qb3 Ra8 36.
Qxb7 Rxa4 37. Qb3 Rea8 38. Qc2 Rxa3 39. Qd1 Rxg3 40. Qe2 Raa3 41. Rb1 Rxh3+ 42. Bxh3 Rxh3+ 43. Kg2 Rh4 44. Rh1 Rg4+ 45. Kf1 h5 46. Qh2 h4 47.
Ke2 Rg3 48. Rbg1 Rc3 49. Kd1 Ra3 50. Qxh4 Ra1+ 51. Kc2 Ra2+ 52. Kb3 Rb2+ 53. Ka3 Rc2 54. Qh8# 1-0